HBL
SPOKANE RIVER RATS @ SALT LAKE CITY BUZZ
06/10/1997
 
TOP OF THE 1ST
Spokane River Rats batting - Pitching for Salt Lake City Buzz : RHP Ben Rivera
Pitching: RHP Ben Rivera
Batting: LHB Andy Fox 0-0: Fly out, F7 (Flyball, 7, EV 95.6 MPH)
Batting: SHB Chris Latham 0-0: Called Strike
0-1: SINGLE (Groundball, 3S, EV 89.4 MPH) (infield hit)
Batting: LHB Michael Tucker 0-0: Ball
1-0: Ball
2-0: Called Strike
2-1: Called Strike
2-2: SINGLE (Line Drive, 78M, EV 98.8 MPH)
Chris Latham to second
Batting: SHB Gene Kingsale 0-0: Called Strike
0-1: Foul Ball, location: 2F
0-2: Strikes out swinging
Batting: RHB Tony Rodriguez 0-0: Fly out, F8 (Flyball, 8LD, EV 101.9 MPH)
Top of the 1st over - 0 runs, 2 hits, 0 errors, 2 left on base; Spokane 0 - Salt Lake City 0
BOTTOM OF THE 1ST
Salt Lake City Buzz batting - Pitching for Spokane River Rats : RHP Rick Helling
Pitching: RHP Rick Helling
Batting: RHB Arquimedez Pozo 0-0: Ball
1-0: Called Strike
1-1: Called Strike
1-2: Ball
2-2: Ball
3-2: Foul Ball, location: 2F
3-2: Foul Ball, location: 2F
3-2: Base on Balls
Batting: SHB Abraham O Nunez 0-0: Ball
1-0: SINGLE (Line Drive, 8RS, EV 106.3 MPH)
Arquimedez Pozo to second
Runner from 2nd tries for 3rd, SAFE, throw by CF made to third
Batting: RHB Jerome Walton 0-0: Ball
1-0: Swinging Strike
1-1: Ball
Abraham O Nunez steals 2nd base
2-1: Swinging Strike
2-2: Foul Ball, location: 2F
2-2: Foul Ball, location: 2F
2-2: Ball
3-2: Strikes out swinging
Batting: RHB Dave Staton 0-0: Foul Ball, location: 2F
0-1: Foul Ball, location: 2F
0-2: Ground out 5-3 (Groundball, 56S, EV 75.0 MPH)
Arquimedez Pozo scores
Batting: RHB Brian Johnson 0-0: Called Strike
0-1: Ball
1-1: Ball
2-1: Ball
3-1: SINGLE (Groundball, 34D, EV 100.6 MPH)
Abraham O Nunez to third
Runner from 3rd tries for Home, SAFE, throw by RF to home
Batting: RHB Emil Brown 0-0: Called Strike
0-1: Called Strike
0-2: Ball
1-2: Ball
2-2: Strikes out swinging
Bottom of the 1st over - 2 runs, 2 hits, 0 errors, 1 left on base; Spokane 0 - Salt Lake City 2
TOP OF THE 2ND
Spokane River Rats batting - Pitching for Salt Lake City Buzz : RHP Ben Rivera
Batting: SHB Luis M. Lopez 0-0: Called Strike
0-1: Ball
1-1: SINGLE (Groundball, 4MD, EV 97.5 MPH)
Batting: RHB Mark Dalesandro 0-0: SINGLE (Groundball, 6D, EV 105.6 MPH)
Luis M. Lopez to second
Batting: SHB Doug Brady 0-0: Ball
1-0: Ball
2-0: Foul Ball, location: 2F
2-1: Called Strike
2-2: Ball
3-2: Fielders Choice at 2nd, 3-6 (Groundball, 3, EV 85.6 MPH)
Luis M. Lopez to third
Batting: RHB Jose Lind 0-0: Fielders Choice at 2nd, 5-4 (Groundball, 56, EV 107.5 MPH)
Luis M. Lopez scores
Batting: LHB Andy Fox 0-0: Ball
1-0: Called Strike
1-1: Fly out, F6 (Line Drive, 6, EV 68.1 MPH)
Top of the 2nd over - 1 run, 2 hits, 0 errors, 1 left on base; Spokane 1 - Salt Lake City 2
BOTTOM OF THE 2ND
Salt Lake City Buzz batting - Pitching for Spokane River Rats : RHP Rick Helling
Batting: RHB Jose Oliva 0-0: Called Strike
0-1: Foul Ball, location: 2F
0-2: Ball
1-2: Strikes out swinging
Batting: SHB Reggie B. Williams 0-0: Called Strike
0-1: Swinging Strike
0-2: Ball
1-2: Ground out 5-3 (Groundball, 5, EV 103.8 MPH)
Batting: RHB Charlie Greene 0-0: Ball
1-0: Called Strike
1-1: Foul Ball, location: 2F
1-2: Ball
2-2: Ground out 4-3 (Groundball, 4, EV 103.8 MPH)
Bottom of the 2nd over - 0 runs, 0 hits, 0 errors, 0 left on base; Spokane 1 - Salt Lake City 2
TOP OF THE 3RD
Spokane River Rats batting - Pitching for Salt Lake City Buzz : RHP Ben Rivera
Batting: SHB Chris Latham 0-0: Called Strike
0-1: Foul Ball, location: 2F
0-2: Ball
1-2: Foul Ball, location: 2F
1-2: Foul Ball, location: 2F
1-2: Strikes out swinging
Batting: LHB Michael Tucker 0-0: Ball
1-0: Ball
2-0: Ball
3-0: Called Strike
3-1: Ground out 6-3 (Groundball, 56, EV 89.4 MPH)
Batting: SHB Gene Kingsale 0-0: Called Strike
0-1: Fly out, F7 (Flyball, 7D, EV 104.4 MPH)
Top of the 3rd over - 0 runs, 0 hits, 0 errors, 0 left on base; Spokane 1 - Salt Lake City 2
BOTTOM OF THE 3RD
Salt Lake City Buzz batting - Pitching for Spokane River Rats : RHP Rick Helling
Batting: RHB Arquimedez Pozo 0-0: Bunted foul
0-1: SINGLE (Flyball, 89S, EV 87.5 MPH)
Batting: SHB Abraham O Nunez 0-0: Ball
Pickoff Throw to First - Out! 1-3
1-0: Ball
2-0: Ball
3-0: Base on Balls
Batting: RHB Jerome Walton 0-0: Ball
1-0: Swinging Strike
1-1: Ball
2-1: Fly out, F3 (Popup, 3SF, EV 81.3 MPH)
Batting: RHB Dave Staton 0-0: Ball
1-0: Called Strike
1-1: Called Strike
1-2: Ball
2-2: Ball
3-2: SINGLE (Groundball, 6MD, EV 93.8 MPH)
Abraham O Nunez to second
Abraham O Nunez to third
Batting: RHB Brian Johnson 0-0: Foul Ball, location: 2F
0-1: Ball
1-1: Ball
2-1: Ball
3-1: SINGLE (Flyball, 34D, EV 85.6 MPH)
Abraham O Nunez scores
Dave Staton to second
Batting: RHB Emil Brown 0-0: Ball
1-0: Foul Ball, location: 2F
1-1: SINGLE (Flyball, 7S, EV 90.6 MPH)
Dave Staton to third
Brian Johnson to second
Runner from 3rd tries for Home, SAFE, no throw by LF
Batting: RHB Jose Oliva 0-0: Ball
1-0: Ball
2-0: Fielders Choice at 2nd, 6-4 (Groundball, 6, EV 91.3 MPH)
Bottom of the 3rd over - 2 runs, 4 hits, 0 errors, 2 left on base; Spokane 1 - Salt Lake City 4
TOP OF THE 4TH
Spokane River Rats batting - Pitching for Salt Lake City Buzz : RHP Ben Rivera
Batting: RHB Tony Rodriguez 0-0: Called Strike
0-1: Ball
1-1: Ball
2-1: Fly out, F9 (Flyball, 9D, EV 108.8 MPH)
Batting: SHB Luis M. Lopez 0-0: Ball
1-0: SINGLE (Line Drive, 89S, EV 109.4 MPH)
Batting: RHB Mark Dalesandro 0-0: Ball
Wild Pitch!
Luis M. Lopez to second
1-0: Foul Ball, location: 2F
1-1: Ball
2-1: Foul Ball, location: 2F
2-2: SINGLE (Groundball, 6MD, EV 98.8 MPH)
Luis M. Lopez to third
Runner from 3rd tries for Home, SAFE, no throw by CF
Batting: SHB Doug Brady 0-0: Foul Ball, location: 2F
0-1: Ball
1-1: Called Strike
1-2: Fly out, F8 (Flyball, 8LD, EV 86.9 MPH)
Batting: RHB Jose Lind 0-0: Called Strike
0-1: Foul Ball, location: 2F
0-2: Ball
1-2: Fly out, F8 (Flyball, 8LS, EV 95.0 MPH)
Top of the 4th over - 1 run, 2 hits, 0 errors, 1 left on base; Spokane 2 - Salt Lake City 4
BOTTOM OF THE 4TH
Salt Lake City Buzz batting - Pitching for Spokane River Rats : RHP Rick Helling
Batting: SHB Reggie B. Williams 0-0: Fly out, F7 (Flyball, 78S, EV 87.5 MPH)
Batting: RHB Charlie Greene 0-0: Ball
1-0: Foul Ball, location: 2F
1-1: Fly out, F4 (Popup, 4S, EV 81.9 MPH)
Batting: RHB Arquimedez Pozo 0-0: Foul Ball, location: 2F
0-1: Ball
1-1: Foul Ball, location: 2F
1-2: Ball
2-2: SOLO HOME RUN (Flyball, 7D, EV 88.8 MPH), Distance : 356 ft
Batting: SHB Abraham O Nunez 0-0: Ball
1-0: Ball
2-0: Ball
3-0: Called Strike
3-1: Called Strike
3-2: Fly out, F8 (Flyball, 8LS, EV 91.9 MPH)
Bottom of the 4th over - 1 run, 1 hit, 0 errors, 0 left on base; Spokane 2 - Salt Lake City 5
TOP OF THE 5TH
Spokane River Rats batting - Pitching for Salt Lake City Buzz : RHP Ben Rivera
Batting: LHB Andy Fox 0-0: Ball
1-0: Foul Ball, location: 2F
1-1: Ball
2-1: Ground out 6-3 (Groundball, 6, EV 81.9 MPH)
Batting: SHB Chris Latham 0-0: Swinging Strike
0-1: Foul Ball, location: 2F
0-2: Strikes out swinging
Batting: LHB Michael Tucker 0-0: Called Strike
0-1: Called Strike
0-2: Ball
1-2: Ground out 4-3 (Groundball, 4, EV 105.6 MPH)
Top of the 5th over - 0 runs, 0 hits, 0 errors, 0 left on base; Spokane 2 - Salt Lake City 5
BOTTOM OF THE 5TH
Salt Lake City Buzz batting - Pitching for Spokane River Rats : RHP Rick Helling
Batting: RHB Jerome Walton 0-0: Called Strike
0-1: Foul Ball, location: 2F
0-2: Ground out 6-3 (Groundball, 56, EV 101.9 MPH)
Batting: RHB Dave Staton 0-0: Ball
1-0: Called Strike
1-1: Called Strike
1-2: Strikes out swinging
Batting: RHB Brian Johnson 0-0: SINGLE (Flyball, 89S, EV 92.5 MPH)
Batting: RHB Emil Brown 0-0: Fly out, F6 (Line Drive, 6, EV 65.6 MPH)
Bottom of the 5th over - 0 runs, 1 hit, 0 errors, 1 left on base; Spokane 2 - Salt Lake City 5
TOP OF THE 6TH
Spokane River Rats batting - Pitching for Salt Lake City Buzz : RHP Ben Rivera
Batting: SHB Gene Kingsale 0-0: Ball
1-0: Swinging Strike
1-1: Foul Ball, location: 2F
1-2: Ground out 4-3 (Groundball, 4, EV 103.8 MPH)
Batting: RHB Tony Rodriguez 0-0: Ball
1-0: Called Strike
1-1: Ball
2-1: Foul Ball, location: 2F
2-2: SINGLE (Line Drive, 9LS, EV 109.4 MPH)
Batting: SHB Luis M. Lopez 0-0: Ball
1-0: Fly out, F8 (Flyball, 8LD, EV 81.9 MPH)
Batting: RHB Mark Dalesandro 0-0: Ball
1-0: SINGLE (Line Drive, 9S, EV 95.0 MPH)
Tony Rodriguez to second
Runner from 2nd tries for 3rd, SAFE, no throw by RF
Batting: SHB Doug Brady 0-0: Swinging Strike
0-1: Swinging Strike
0-2: Ball
1-2: Strikes out swinging
Top of the 6th over - 0 runs, 2 hits, 0 errors, 2 left on base; Spokane 2 - Salt Lake City 5
BOTTOM OF THE 6TH
Salt Lake City Buzz batting - Pitching for Spokane River Rats : RHP Rick Helling
Pitching: RHP Don August
Batting: RHB Jose Oliva 0-0: Ball
1-0: Foul Ball, location: 2F
1-1: Fly out, F8 (Flyball, 89M, EV 89.4 MPH)
Batting: SHB Reggie B. Williams 0-0: Reached on error, E1 (Groundball, 34S, EV 86.9 MPH)
Batting: RHB Charlie Greene 0-0: Foul Ball, location: 2F
0-1: Ball
1-1: Ball
2-1: SINGLE (Flyball, 89M, EV 90.0 MPH)
Reggie B. Williams to second
Batting: RHB Arquimedez Pozo 0-0: Foul Ball, location: 2F
0-1: Fly out, F8 (Line Drive, 8LD, EV 105.6 MPH)
Batting: SHB Abraham O Nunez 0-0: Called Strike
0-1: Ball
1-1: Ball
2-1: Foul Ball, location: 2F
2-2: Ball
3-2: Base on Balls
Reggie B. Williams to third
Charlie Greene to second
Batting: RHB Jerome Walton 0-0: Fielders Choice at 2nd, 6-4 (Groundball, 6, EV 103.8 MPH)
Bottom of the 6th over - 0 runs, 1 hit, 1 error, 3 left on base; Spokane 2 - Salt Lake City 5
TOP OF THE 7TH
Spokane River Rats batting - Pitching for Salt Lake City Buzz : RHP Ben Rivera
Batting: RHB Jose Lind 0-0: Ball
1-0: Ball
2-0: Foul Ball, location: 2F
2-1: Ball
3-1: Bunt for hit to 15S - play at first, batter OUT! 1-3
Batting: LHB Andy Fox 0-0: Foul Ball, location: 2F
0-1: Called Strike
0-2: Fly out, F6 (Popup, 4MD, EV 42.5 MPH)
Batting: SHB Chris Latham 0-0: Ball
1-0: Foul Ball, location: 2F
1-1: Ball
2-1: Swinging Strike
2-2: Strikes out swinging
Top of the 7th over - 0 runs, 0 hits, 0 errors, 0 left on base; Spokane 2 - Salt Lake City 5
BOTTOM OF THE 7TH
Salt Lake City Buzz batting - Pitching for Spokane River Rats : RHP Don August
Batting: RHB Dave Staton 0-0: Ball
1-0: DOUBLE (Line Drive, 9LS, EV 103.8 MPH)
Batting: RHB Brian Johnson 0-0: Ball
1-0: 2-RUN HOME RUN (Flyball, 7D, EV 96.9 MPH), Distance : 364 ft
Batting: RHB Emil Brown 0-0: Called Strike
0-1: Called Strike
0-2: Ball
1-2: Ball
2-2: Fly out, F8 (Flyball, 8RXD, EV 96.3 MPH)
Batting: RHB Jose Oliva 0-0: Ball
1-0: Ball
2-0: Swinging Strike
2-1: Fly out, F9 (Flyball, 9S, EV 84.4 MPH)
Batting: SHB Reggie B. Williams 0-0: Foul Ball, location: 2F
0-1: Ball
1-1: Ball
2-1: SOLO HOME RUN (Flyball, 89XD, EV 101.3 MPH), Distance : 421 ft
Batting: RHB Charlie Greene 0-0: Foul Ball, location: 2F
0-1: Called Strike
0-2: Ball
1-2: Fly out, F8 (Flyball, 8RS, EV 78.1 MPH)
Bottom of the 7th over - 3 runs, 3 hits, 0 errors, 0 left on base; Spokane 2 - Salt Lake City 8
TOP OF THE 8TH
Spokane River Rats batting - Pitching for Salt Lake City Buzz : RHP Ben Rivera
Batting: LHB Michael Tucker 0-0: Swinging Strike
0-1: SINGLE (Line Drive, 56D, EV 100.0 MPH)
Batting: SHB Gene Kingsale 0-0: Called Strike
0-1: Ball
1-1: Called Strike
1-2: Foul Ball, location: 2F
1-2: Ball
2-2: Foul Ball, location: 2F
2-2: 2-RUN HOME RUN (Flyball, 9LD, EV 88.8 MPH), Distance : 340 ft
Batting: RHB Tony Rodriguez 0-0: Ground out 4-3 (Groundball, 4, EV 103.1 MPH)
Batting: SHB Luis M. Lopez 0-0: Ball
1-0: Ball
2-0: Ball
3-0: Called Strike
3-1: Fly out, F8 (Flyball, 8RD, EV 98.8 MPH)
Batting: RHB Mark Dalesandro 0-0: Called Strike
0-1: SOLO HOME RUN (Flyball, 89XD, EV 110.6 MPH), Distance : 406 ft
Pitching: RHP Donnie Elliott
Batting: SHB Doug Brady 0-0: Foul Ball, location: 2F
0-1: Called Strike
0-2: Foul Ball, location: 2F
0-2: Strikes out swinging
Top of the 8th over - 3 runs, 3 hits, 0 errors, 0 left on base; Spokane 5 - Salt Lake City 8
BOTTOM OF THE 8TH
Salt Lake City Buzz batting - Pitching for Spokane River Rats : RHP Don August
Pitching: RHP Anthony Chavez
Batting: RHB Arquimedez Pozo 0-0: Called Strike
0-1: Fly out, F9 (Flyball, 9LM, EV 90.0 MPH)
Batting: SHB Abraham O Nunez 0-0: Called Strike
0-1: Called Strike
0-2: Ball
1-2: Ball
2-2: Foul Ball, location: 2F
2-2: Ball
3-2: Base on Balls
Pitching: RHP Doug Brocail
Batting: RHB Jerome Walton 0-0: Called Strike
0-1: Called Strike
0-2: Ball
1-2: Ball
2-2: Ball
3-2: SINGLE (Line Drive, 5D, EV 98.8 MPH)
Abraham O Nunez to second
Batting: RHB Dave Staton 0-0: Ball
1-0: Ball
2-0: Ball
3-0: Base on Balls
Abraham O Nunez to third
Jerome Walton to second
Batting: RHB Brian Johnson 0-0: Foul Ball, location: 2F
0-1: Ball
1-1: Fly out, F4 (Popup, 34S, EV 88.8 MPH)
Batting: RHB Emil Brown 0-0: Ball
1-0: Ball
2-0: Called Strike
2-1: Called Strike
2-2: Strikes out swinging
Bottom of the 8th over - 0 runs, 1 hit, 0 errors, 3 left on base; Spokane 5 - Salt Lake City 8
TOP OF THE 9TH
Spokane River Rats batting - Pitching for Salt Lake City Buzz : RHP Donnie Elliott
Pitching: LHP Paul Spoljaric
Now at 3B: Shane Andrews
Batting: RHB Jose Lind 0-0: Ball
1-0: Called Strike
1-1: Ground out U3 (Groundball, 34, EV 82.5 MPH)
Batting: LHB Andy Fox 0-0: Ball
1-0: SINGLE (Groundball, 56D, EV 106.3 MPH)
Batting: SHB Chris Latham 0-0: Ball
1-0: Called Strike
1-1: Foul Ball, location: 2F
1-2: Strikes out looking
Batting: LHB Michael Tucker 0-0: Ball
1-0: Ball
Wild Pitch!
Andy Fox to second
2-0: Foul Ball, location: 2F
2-1: Foul Ball, location: 2F
2-2: Reached on error, E9 (Flyball, 9, EV 80.6 MPH)
Andy Fox scores
Batting: SHB Gene Kingsale 0-0: Foul Ball, location: 2F
0-1: Ball
1-1: Ball
2-1: Foul Ball, location: 2F
2-2: Ball
3-2: Foul Ball, location: 2F
3-2: Base on Balls
Pitching: RHP Tim Pugh
Pinch Hitting: LHB John Mabry 0-0: Called Strike
0-1: Ball
1-1: Ball
2-1: Foul Ball, location: 2F
2-2: Strikes out looking
Top of the 9th over - 1 run, 1 hit, 1 error, 2 left on base; Spokane 6 - Salt Lake City 8
Monday, February 23rd, 2026 - OOTP Baseball 20.8 Build 74